 Dungeon Crawl Stone Soup version 0.18.1-48-g4cf74bf (webtiles) character file.

40 Gargoyl the Skirmisher (level 3, -3/29 HPs)
             Began as a Demonspawn Abyssal Knight on Aug 27, 2016.
             Was a Follower of Lugonu.
             Slain by a gnoll (6 damage)
             ... on level 1 of the Dungeon.
             The game lasted 00:02:20 (1974 turns).

Gargoyl the Skirmisher (Demonspawn Abyssal Knight)  Turns: 1974, Time: 00:02:21

Health: -3/29      AC:  3    Str: 13    XL:     3   Next: 30%
Magic:  3/3        EV: 12    Int: 13    God:    Lugonu [*.....]
Gold:   75         SH:  0    Dex: 12    Spells: 0 memorised, 2 levels left

rFire  . . .     SeeInvis .     a - +1 hand axe
rCold  . . .     Gourm    .     b - +0 leather armour
rNeg   . . .     Faith    .     (no shield)
rPois  .         Spirit   .     (no helmet)
rElec  .         Dismiss  .     (no cloak)
rCorr  +         Reflect  .     (no gloves)
SustAt .         Harm     .     (no boots)
MR     .....                    (no amulet)
Stlth  +.........               (no ring)
                                i - ring of resist corrosion

@: not resistant to hostile enchantments, very unstealthy
A: talons 1, low mp 2
a: Depart the Abyss, Renounce Religion


You were on level 1 of the Dungeon.
You worshipped Lugonu.
Lugonu was aware of your devotion.
You were not hungry.

You visited 1 branch of the dungeon, and saw 2 of its levels.
You visited the Abyss 1 time.

You collected 75 gold pieces.

Inventory:

Hand Weapons
 a - a +1 hand axe (weapon)
Missiles
 d - 5 tomahawks (quivered)
Armour
 b - a +0 leather armour (worn)
Jewellery
 i - a ring of resist corrosion (left hand)
Scrolls
 j - a scroll of identify {unknown}
Potions
 e - a potion of haste
 f - a potion of flight {unknown}
 g - a potion of lignification {unknown}
 h - 2 potions of brilliance {unknown}
 k - a potion of invisibility
Comestibles
 c - a bread ration
 l - a chunk of flesh


   Skills:
 + Level 3.3 Fighting
 + Level 2.0 Axes
 + Level 2.2 Armour
 + Level 1.9 Dodging
 + Level 2.6 Invocations


You had 2 spell levels left.
You didn't know any spells.

Dungeon Overview and Level Annotations

Branches:
Dungeon (2/15)

Altars:


Innate Abilities, Weirdness & Mutations

You have sharp toenails.
[Your magical capacity is very low (-20% MP).]


Message History

The gnoll closely misses you.
You hit the gnoll.
You kill the gnoll!
Lugonu accepts your kill.
There is a stone staircase leading up here.
The gnoll barely misses you.
The gnoll hits you from afar with a spear.
You climb upwards.
There is a stone staircase leading down here.
You barely miss the gnoll. The gnoll hits you. The gnoll hits you!
* * * LOW HITPOINT WARNING * * *
You barely miss the gnoll. You claw the gnoll, but do no damage.
The gnoll barely misses you.
You hit the gnoll.
The gnoll is lightly wounded.
The gnoll closely misses you.
You hit the gnoll but do no damage.
The gnoll is lightly wounded.
The gnoll hits you.
You die...

##.......##..........'.#.#.#.#
#####....###.###.....#.#.#...#
### ##...#...........#.#.########
..## ##..#.##.##.#####.#.........
...## #..#.#...#.# #.#########.
#...# #..#.#...#.# #.# #.
##..####.#.#.....# #.# #. .#...#
#.#.###..g# #.# #. .##..#
#........@# #.# #. .##..#
#..####.### #.#########. .##..#
#.## #.# #.#......... .#...# #.##
#.#######'.#...##...
##..####..####...........#..##..#
#...# #...................#....#.
...## #..#.####............#..#..
..## ##..#.# #......รท..##..##..#
### ##...#.# #.........##..##..#


You could see a gnoll.

Vanquished Creatures
  A gnoll (D:2)
  A dart slug (D:1)
  2 giant geckos (D:1)
  3 giant cockroaches
  3 goblins (D:1)
  4 hobgoblins (D:1)
  2 kobolds (D:1)
  4 bats (D:1)
  A giant newt (D:1)
  3 rats (D:1)
24 creatures vanquished.

Notes
Turn   | Place    | Note
--------------------------------------------------------------
     0 | Abyss:1  | Gargoyl the Demonspawn Abyssal Knight began the quest for the Orb.
     0 | Abyss:1  | Reached XP level 1. HP: 18/18 MP: 2/2
    37 | Abyss:1  | Found a corrupted altar of Lugonu.
   119 | Abyss:1  | Found a corrupted altar of Lugonu.
   148 | Abyss:1  | Found a corrupted altar of Lugonu.
   176 | Abyss:1  | Noticed a bone dragon
   191 | Abyss:1  | Noticed a wretched star
   193 | D:1      | Escaped the Abyss
   605 | D:1      | Gained mutation: You have sharp toenails. [demonic ancestry]
   605 | D:1      | Reached XP level 2. HP: 22/24 MP: 3/3
   778 | D:1      | Reached * piety under Lugonu
   807 | D:1      | Reached skill level 1 in Dodging
  1607 | D:1      | HP: 1/24 [hobgoblin/club (2)]
  1918 | D:1      | Reached XP level 3. HP: 29/29 MP: 3/3
  1974 | D:1      | Slain by a gnoll

Skill      XL: |  1  2 |
---------------+-------+-----
Dodging        | 1 |  1.9
Armour         | 2 |  2.2
Axes           | 2 |  2.0
Fighting       | |  3.3
Invocations    | |  2.6

Action                   || total
-------------------------++-------
Melee: Hand axe          ||    68
       Kick              ||     9
Invok: Depart the Abyss  ||     1
  Eat: Chunk             ||     3
Armor: Leather armour    ||    34
Dodge: Dodged            ||    62
